 Dungeon Crawl Stone Soup version 0.30-a0-222-ge547ba4400 (webtiles) character file.

Game seed: 5632769342917846976

130 lunkers the Stinger (level 5, -3/40 HPs)
             Began as a Meteoran Wanderer on Oct 8, 2022.
             Was an Initiate of Hepliaklqana.
             Slain by a gnoll
             ... wielding a +0 flail
              (9 damage)
             ... on level 3 of the Dungeon.
             The game lasted 00:04:39 (1157 turns).

lunkers the Stinger (Meteoran Wanderer)             Turns: 1157, Time: 00:04:39

Health: -3/40      AC:  3    Str: 14    XL:     5   Next: 64%
Magic:  1/11       EV: 11    Int: 15    God:    Hepliaklqana [......]
Gold:   86         SH:  0    Dex: 13    Spells: 5/11 levels left

rFire   . . .      SeeInvis .    g - +0 dagger (venom)
rCold   . . .      Faith    .    (no shield)
rNeg    . . .      Spirit   .    f - +0 robe
rPois   .          Reflect  .    (no helmet)
rElec   .          Harm     .    (no cloak)
rCorr   .          Rampage  .    (no gloves)
Will    .....                    h - +0 pair of boots
Stlth   +.........               (no amulet)
HPRegen 0.26/turn                (no ring)
MPRegen 0.12/turn                (no ring)

@: glowing
A: sense surroundings 1, otherworldly, glowing, explore regen
a: Renounce Religion


You were on level 3 of the Dungeon.
You worshipped Hepliaklqana.
Hepliaklqana was noncommittal.
You visited 1 branch of the dungeon, and saw 3 of its levels.

You collected 86 gold pieces.

Inventory:

Hand Weapons
 a - a +0 sling
 g - a +0 dagger of venom (weapon)
Missiles
 q - 2 throwing nets
Armour
 b - a +0 scale mail
 f - a +0 robe (worn)
 h - a +0 pair of boots (worn)
Jewellery
 j - an amulet of faith
Scrolls
 d - 3 scrolls of noise {unknown}
 i - 2 scrolls of identify {unknown}
 k - 2 scrolls of summoning {unknown}
 l - 2 scrolls of teleportation {unknown}
 n - a scroll of enchant armour {unknown}
 o - a scroll of fog {unknown}
Potions
 c - 2 potions of curing
 e - a potion of heal wounds {unknown}
 m - a potion of magic {unknown}
 p - 3 potions of brilliance {unknown}


   Skills:
 - Level 1.1 Fighting
 - Level 1.1 Ranged Weapons
 - Level 3.6 Armour
 + Level 3.8 Spellcasting
 * Level 2.6 Summonings
 + Level 1.7 Air Magic
 - Level 5.0 Poison Magic


You had 5 spell levels left.
You knew the following spells:

 Your Spells              Type           Power      Damage    Failure   Level
a - Poisonous Vapours     Pois/Air       26%        N/A       7%          2
b - Sting                 Tmut/Pois      40%        1d5       7%          1
c - Call Canine Familiar  Summ           10%        N/A       19%         3

Your spell library contained the following spells:

 Spells                   Type           Power      Damage    Failure   Level
 Summon Small Mammal      Summ           40%        N/A       6%          1
 Spider Form              Tmut/Pois      10%        N/A       21%         3
 Summon Guardian Golem    Hex/Summ       6%         N/A       32%         3


Dungeon Overview and Level Annotations

Branches:
Dungeon (3/15) Zot: 636

Altars:
Hepliaklqana


Innate Abilities, Weirdness & Mutations

You passively map a small area around you.
You are easily found by Zot.
You glow in the dark.
You regain HP and MP as you explore.


Message History

Aiming: Poisonous Vapours (safe; 7% risk of failure)
Press: ? - help, Dir - move target, f - gnoll
Aim: a gnoll, wielding a +0 flail Poisonous vapours surround the gnoll!
The gnoll is poisoned.
* * * LOW MAGIC WARNING * * *
The quokka barely misses you. The gnoll barely misses you.
Casting: Poisonous Vapours (safe; 7% risk of failure)
Confirm with . or Enter, or press ? or * to list all spells.
Aiming: Poisonous Vapours (safe; 7% risk of failure)
Press: ? - help, Dir - move target, f/p - gnoll
Aim: a gnoll, wielding a +0 flail (lightly wounded, poisoned) Poisonous vapours surround the gnoll!
The gnoll looks even sicker.
* * * LOW MAGIC WARNING * * *
The quokka bites you. The gnoll hits you with a +0 flail.
* * * LOW HITPOINT WARNING * * *
The quokka bites you.
* * * LOW HITPOINT WARNING * * *
The quokka attacks as you move away! The quokka closely misses you.
Your magical contamination has completely faded away.
The gnoll attacks as you move away! The gnoll hits you with a +0 flail!
* * * LOW HITPOINT WARNING * * *
The gnoll attacks as you move away! The gnoll barely misses you.
Casting: Poisonous Vapours (safe; 7% risk of failure)
Confirm with . or Enter, or press ? or * to list all spells.
Aiming: Sting (safe; 7% risk of failure)
Press: ? - help, Shift-Dir - straight line, f/p - gnoll
Aim: a gnoll, wielding a +0 flail (moderately wounded, poisoned, 75% to hit)
The sting hits the gnoll.
The gnoll looks even sicker.
The gnoll is heavily wounded.
* * * LOW MAGIC WARNING * * *
The gnoll hits you but does no damage. The gnoll attacks as you move away!
The gnoll hits you but does no damage.
The quokka bites the plant.
The plant begins to die.
You barely miss the gnoll.
The gnoll is severely wounded.
The gnoll hits you with a +0 flail.
* * * LOW HITPOINT WARNING * * *
You see here a +0 flail.
The gnoll attacks as you move away! The gnoll hits you with a +0 flail!
You die...

, ,♣.P♣♣♣.♣.....P.♣
,,♣.♣♣P.♣♣.....♣♣♣♣# #
* ,
..,PP.♣........P♣.#.# *
......PP.♣..!###.♣.♣#.#
..8....P♣....#.#..♣...#
...........†.#'#.♣P...#
.8..♣P.P.............#
.P♣♣...#...(....♣#.#
♣....#......@..P♣ #
,♣P..#....P#'#g♣P♣
,♣♣.........#.#r.♣♣ ,
♣P..P....P.###KP.♣
♣...!.#+#........♣...#
♣♣P... #.........(.##
*..♣.P. #..⌠.........#
..♣.♣..* #...P........#
♣ ♣♣♣.. ..........♣...#


You could see a gnoll (very poisoned), a quokka and a kobold.

Vanquished Creatures
  6 gnolls
  2 adders (D:2)
  A worm (D:2)
  A dart slug (D:1)
  3 endoplasms
  4 goblins
  3 hobgoblins
  5 jackals (D:1)
  2 kobolds (D:1)
  2 quokkas
  7 ball pythons
  6 bats
  3 frilled lizards
  6 rats
51 creatures vanquished.

Vanquished Creatures (others)
  3 plants (D:3)
3 creatures vanquished.

Grand Total: 54 creatures vanquished

Notes
Turn   | Place    | Note
-------+----------+-------------------------------------------
     0 | D:1      | lunkers the Meteoran Wanderer began the quest for the Orb.
     0 | D:1      | lunkers set off with the following items: a +0 sling, a +0
                  | scale mail, a potion of curing; and the following spell
                  | memorised: Sting; and the following spells available to
                  | memorise: Poisonous Vapours, Spider Form.
     0 | D:1      | Reached XP level 1. HP: 16/16 MP: 5/5
    79 | D:1      | Reached XP level 2. HP: 18/23 MP: 1/6
    82 | D:1      | Learned a level 2 spell: Poisonous Vapours
    93 | D:1      | Reached skill level 4 in Poison Magic
   252 | D:1      | Reached XP level 3. HP: 24/28 MP: 3/8
   440 | D:1      | Learned a level 3 spell: Call Canine Familiar
   497 | D:1      | Glimpsed the power of Zot.
   522 | D:1      | Reached skill level 1 in Summonings
   522 | D:1      | Reached XP level 4. HP: 14/35 MP: 1/10
   629 | D:2      | Reached skill level 1 in Air Magic
   729 | D:1      | Reached XP level 5. HP: 30/40 MP: 0/11
   778 | D:2      | Reached skill level 5 in Poison Magic
   941 | D:3      | Found a hazy altar of Hepliaklqana.
   953 | D:3      | Became a worshipper of Hepliaklqana the Forgotten
  1157 | D:3      | Slain by a gnoll

Illustrated notes

Levels and vault maps discovered:
D:1:      grunt_arrival_lava_bath, layout_basic, serial_corexii_hall,
          chequers_hall_statues_wall_a, corexii_hall_statues_x,
          minmay_three_crescents
D:2:      layout_rooms, serial_shops, nicolae_shop_window_shopping,
          dilly_ecumenical_altar_fadedgnrine, kennysheep_small_spiral,
          uniq_crazy_yiuf_cottage
D:3:      wad_woods_settlement, layout_basic,
          mainiacjoe_overflow_six_doors_small, chequers_serial_rivers_large_a

Skill      XL: |  1  2  3  4  5 |
---------------+----------------+-----
Poison Magic   | 4 5 |  5.0
Spellcasting   | 3 |  3.8
Summonings     | 1 2 |  2.6
Air Magic      | 1 |  1.7
Fighting       | |  1.1
Ranged Weapons | |  1.1
Armour         | |  3.6

Action                   |  1- 3 |  4- 6 || total
-------------------------+-------+-------++-------
Melee: Dagger            |    10 |    68 ||    78
 Fire: Sling             |     5 |       ||     5
 Cast: Sting             |    32 |     1 ||    33
       Poisonous Vapours |    13 |    39 ||    52
Armor: Scale mail        |     9 |       ||     9
       Robe              |    11 |    20 ||    31
Dodge: Dodged            |    33 |    50 ||    83

Table legend: (Time is in decaauts)
 A = Elapsed time spent in this place.
 B = Non-inter-level travel time spent in this place.
 C = Inter-level travel time spent in this place.
 D = Time resting spent in this place.
 E = Time spent auto-exploring this place.
 F = Levels seen in this place.
 G = Mean time per level.
                   A        B        C        D        E       F      G
               +--------+--------+--------+--------+--------+-----+--------+
         Total |   1163 |   1065 |     98 |      0 |    519 |   3 |  387.7 |
       Dungeon |   1163 |   1065 |     98 |      0 |    519 |   3 |  387.7 |
               +--------+--------+--------+--------+--------+-----+--------+

Top non-repeatable levels by time:
     D:1: 670 daAuts
     D:3: 259 daAuts
     D:2: 234 daAuts
